 Dungeon Crawl Stone Soup version 0.19-a0-1007-g133f65f (webtiles) character file.

269 Duffy the Shield-Bearer (level 6, 0/47 HPs)
             Began as a Formicid Fighter on July 19, 2016.
             Succumbed to a worker ant's poison
             ... on level 5 of the Dungeon.
             The game lasted 00:02:52 (2804 turns).

Duffy the Shield-Bearer (Formicid Fighter)          Turns: 2804, Time: 00:02:52

Health: 0/47       AC:  9    Str: 27    XL:     6   Next: 46%
Magic:  6/6        EV:  9    Int:  9    God:
Gold:   160        SH: 11    Dex: 10    Spells: 0 memorised, 5 levels left

rFire  . . .     SeeInvis +     a - +0 war axe
rCold  . . .     Gourm    .     b - +0 scale mail
rNeg   . . .     Faith    .     c - +0 shield
rPois  .         Spirit   .     (helmet unavailable)
rElec  .         Dismiss  .     p - +0 cloak
rCorr  .         Reflect  .     e - +0 pair of gloves
SustAt .         Harm     .     (no boots)
MR     +....                    (no amulet)
Stlth  ..........               (no ring)
                                w - +4 ring of strength

@: lethally poisoned (0 -> -13), somewhat resistant to hostile enchantments,
extremely unstealthy
A: permanent stasis, dig shafts and tunnels, four strong arms, antennae 3,
clever 1, magic resistance 1, wild magic 1
a: Dig, Shaft Self


You were on level 5 of the Dungeon.
You were not hungry.

You visited 1 branch of the dungeon, and saw 5 of its levels.

You collected 160 gold pieces.


Innate Abilities, Weirdness & Mutations

You are under a permanent stasis effect.
You can dig through walls and to a lower floor.
Your four strong arms can wield two-handed weapons with a shield.
You have a pair of large antennae on your head. (SInv)
Your mind is acute. (Int +2)
You are resistant to hostile enchantments. (MR+)
Your spells are a little harder to cast, but a little more powerful.


   Skills:
 - Level 3.2 Fighting
 + Level 4.7 Axes
 - Level 3.2 Armour
 + Level 6.2 Shields


You had 5 spell levels left.
You didn't know any spells.

Inventory:

Hand Weapons
 a - a +0 war axe (weapon)
Missiles
 n - a throwing net (quivered)
 q - 11 poisoned needles
Armour
 b - a +0 scale mail (worn)
 c - a +0 shield (worn)
 e - a +0 pair of gloves (worn)
 p - a +0 cloak (worn)
Jewellery
 w - a +4 ring of strength (left hand)
Wands
 u - a wand of iceblast (7/15)
Scrolls
 g - a scroll of enchant weapon {unknown}
 h - 2 scrolls of teleportation {unknown}
 i - 2 scrolls of noise {unknown}
 l - 2 scrolls of identify {unknown}
 v - a scroll of blinking {unknown}
Potions
 d - a potion of might
Comestibles
 f - 3 bread rations
 j - a royal jelly
 k - a slice of pizza
 s - 5 fruits
 t - 7 chunks of flesh

Dungeon Overview and Level Annotations

Branches:
Dungeon (5/15)
 Temple: D:4-7

Altars:
Fedhas
Gozag
Nemelex Xobeh

Annotations:
D:3 mistymad's ghost, amateur FoAK


Message History

You feel sick.
The worker ant bites you but does no damage.
The worker ant bites you.
You are too injured to fight recklessly!
You are too injured to fight recklessly!
You are too injured to fight recklessly!
You are too injured to fight recklessly!
You are too injured to fight recklessly!
You are too injured to fight recklessly!
You are too injured to fight recklessly!
You are too injured to fight recklessly!
You are too injured to fight recklessly!
You are too injured to fight recklessly!
You are too injured to fight recklessly!
You are too injured to fight recklessly!
You are too injured to fight recklessly!
You are too injured to fight recklessly!
You are too injured to fight recklessly!
You hit the worker ant but do no damage.
The worker ant is almost dead.
You feel sick.
The worker ant bites you but does no damage.
The worker ant bites you.
You are more poisoned.
The worker ant poisons you!
You hit the worker ant but do no damage.
The worker ant is almost dead.
You feel sick. The worker ant closely misses you.
You closely miss the worker ant.
The worker ant is almost dead.
You feel sick. You block the worker ant's attack.
The worker ant bites you but does no damage.
You barely miss the worker ant.
The worker ant is almost dead.
You feel sick. The worker ant bites you.
It was a potion of brilliance.
You feel clever all of a sudden.
You feel sick.
The worker ant bites you but does no damage.
You block the worker ant's attack.
It was a potion of cancellation.
Your magical effects are unravelling.
You feel magically purged.
You feel a little less clever now.
You feel sick. You block the worker ant's attack.
It was a potion of mutation.
You feel extremely strange.
You feel clever.
You feel resistant to hostile enchantments.
You feel less in control of your magic.
You die...

######.####+##
#.###...## #
######........#
#.##..............
#.#...####........
.........'......(.
###....###........
#......###........
#@##.......#.....#
#a###########...##
#.######### ##(###
#.........# #...)
#..######.# #.### #..#
#.# ##.###
#####..######.###...##
#....................#
#.###..#..###.###....#


You could see a worker ant.

Action                   |  1- 3 |  4- 6 || total
-------------------------+-------+-------++-------
Melee: War axe           |    98 |   131 ||   229
 Abil: Dig               |     1 |     2 ||     3
  Use: Potion            |       |     3 ||     3
  Eat: Chunk             |     1 |     6 ||     7
Armor: Scale mail        |    49 |    46 ||    95
Dodge: Dodged            |    33 |    49 ||    82
Block: Shield            |    57 |    62 ||   119

Notes
Turn   | Place    | Note
-------+----------+-------------------------------------------
     0 | D:1      | Duffy the Formicid Fighter began the quest for the Orb.
     0 | D:1      | Reached XP level 1. HP: 18/18 MP: 1/1
   114 | D:1      | Reached XP level 2. HP: 24/24 MP: 2/2
   132 | D:1      | Reached skill level 4 in Shields
   404 | D:1      | Reached XP level 3. HP: 29/29 MP: 3/3
  1028 | D:2      | Reached skill level 3 in Axes
  1181 | D:2      | Found an opulent altar of Gozag.
  1190 | D:2      | Reached XP level 4. HP: 21/35 MP: 4/4
  1242 | D:2      | Reached skill level 5 in Shields
  1386 | D:2      | Found a blossoming altar of Fedhas.
  1626 | D:2      | Reached XP level 5. HP: 30/41 MP: 5/5
  2159 | D:3      | Found a sparkling altar of Nemelex Xobeh.
  2213 | D:3      | Reached skill level 4 in Axes
  2379 | D:3      | Noticed mistymad's ghost (amateur FoAK)
  2408 | D:4      | Noticed an ogre
  2411 | D:5      | Entered Level 5 of the Dungeon
  2616 | D:5      | Noticed a centaur
  2629 | D:5      | Killed a centaur
  2629 | D:5      | Reached skill level 6 in Shields
  2629 | D:5      | Reached XP level 6. HP: 34/47 MP: 6/6
  2804 | D:5      | Gained mutation: Your mind is acute. (Int +2) [potion of mutation]
  2804 | D:5      | Gained mutation: You are resistant to hostile enchantments. (MR+) [potion of mutation]
  2804 | D:5      | Gained mutation: Your spells are a little harder to cast, but a little more powerful. [potion of mutation]
  2804 | D:5      | Succumbed to a worker ant's poison

Skill      XL: |  1  2  3  4  5 |
---------------+----------------+-----
Shields        | 4 5 6 |  6.2
Axes           | 3 4 |  4.7
Fighting       | |  3.2
Armour         | |  3.2

Vault maps used:
D:1:      dpeg_chamrin_arrival_tetris
D:2:      fedhas_altar_4, grunt_gozag_breadcrumbs, first_bread
D:3:      nemelex_altar_shiori
D:4:      makhleb_altar_promises_db, grunt_qazlal_sundering,
          kennysheep_generic_room_10
D:5:      vehumet_crystals, tgw_xom, grunt_pakellas_basics

Vanquished Creatures
  A centaur
  A hound
  7 gnolls
  3 adders
  A worm
  2 dart slugs
  A giant gecko
  An orc
  8 bats
  15 goblins
  5 hobgoblins
  2 jackals
  A quokka
  A ball python
  2 giant newts
  3 kobolds
  4 rats
58 creatures vanquished.
